 Dungeon Sprint DCSS version 0.27-a0-1188-g73eefd5def (webtiles) character file.

Game seed: 11028588450277889471

37770 mhtbhm the Metallomancer (level 13, -1/73 HPs)
             Began as a Gargoyle Earth Elementalist on May 21, 2021.
             Was the Champion of Vehumet.
             Killed from afar by Soguc the pandemonium lord (74 damage)
             ... with an iron shot
             ... in the Dungeon (Sprint VII: "The Pits").
             The game lasted 00:13:09 (5651 turns).

mhtbhm the Metallomancer (GrEE)                     Turns: 5651, Time: 00:13:10

Health: -1/73      AC: 12    Str: 13    XL:     13   Next: 98%
Magic:  38/38      EV: 14    Int: 26    God:    Vehumet [******]
Gold:   48         SH:  0    Dex: 10    Spells: 3/55 levels left

rFire    . . .     SeeInvis +   E - staff of earth
rCold    . . .     Faith    .   (no shield)
rNeg     + . .     Spirit   .   c - +0 robe
rPois    ∞         Reflect  .   s - +0 hat {SInv}
rElec    +         Harm     .   q - +0 cloak
rCorr    .         Rampage  .   (no gloves)
Will     .....     NoTele   +   (no boots)
Stlth    +++.......             (no amulet)
HPRegen  0.22/turn              A - ring of wizardry
MPRegen  0.26/turn              t - +6 ring of intelligence

@: no status effects
A: sickness immunity, AC +9, negative energy resistance 1, electricity
resistance, torment resistance 1, petrification resistance
a: Renounce Religion


You were in the Dungeon.
You worshipped Vehumet.
Vehumet was exalted by your worship.
You visited 1 branch You collected 48 gold pieces.

Inventory:

Hand Weapons
 B - the +8 glaive of the Guard {elec, spectral, AC+5}
   (You took it off a yaktaur in the Dungeon)

   Occasionally, upon striking a foe, it can discharge electrical energy and
   cause terrible harm.
   When it strikes, its spirit leaps out and fights alongside the wielder.
   It affects your AC (+5).
Missiles
 b - 38 stones
 n - a throwing net
 C - 11 silver javelins
Armour
 c - a +0 robe (worn)
 q - a +0 cloak (worn)
 s - a +0 hat of see invisible (worn)
Magical Staves
 l - a staff of conjuration
 E - a staff of earth (weapon)
Jewellery
 m - a ring of positive energy
 t - a +6 ring of intelligence (right hand)
 A - a ring of wizardry (left hand)
Wands
 i - a wand of flame (41)
Scrolls
 j - 5 scrolls of amnesia
 k - a scroll of summoning
 v - 4 scrolls of enchant weapon
 w - 2 scrolls of fog
 x - 2 scrolls of enchant armour
 y - 2 scrolls of identify
 z - a scroll of blinking
Potions
 a - 2 potions of invisibility
 d - 7 potions of curing
 e - 5 potions of heal wounds
 f - 4 potions of haste
 g - 3 potions of magic
 h - 6 potions of berserk rage
 o - a potion of might
 p - 3 potions of brilliance
 r - 2 potions of mutation
 u - a potion of flight
Miscellaneous
 D - a tin of tremorstones (2/2)


   Skills:
 + Level 5.4 Fighting
 + Level 3.3 Maces & Flails
 + Level 6.9 Dodging
 + Level 5.0 Stealth
 + Level 21.8 Spellcasting
 + Level 3.0 Conjurations
 + Level 0.8 Transmutations
 + Level 25.9 Earth Magic


You had 3 spell levels left.
You knew the following spells:

 Your Spells              Type           Power      Damage    Failure   Level
a - Sandblast             Erth           100%       2d20      0%          1
b - Poisonous Vapours     Pois/Air       56%        N/A       1%          2
c - Stone Arrow           Conj/Erth      100%       3d13      0%          3
d - Lee's Rapid Deconstr  Erth           64%        3d30*     0%          5
e - Petrify               Tmut/Erth      98%        N/A       1%          4
f - Spellforged Servitor  Conj/Summ      18%        N/A       47%         7
g - Iron Shot             Conj/Erth      51%        9d10      1%          6
h - Shatter               Erth           64%        3d47*     1%          9
i - Orb of Destruction    Conj           22%        9d9       30%         7
j - Lehudib's Crystal Sp  Conj/Erth      51%        10d12     3%          8

Your spell library contained the following spells:

 Spells                   Type           Power      Damage    Failure   Level
 Absolute Zero            Ice            14%        ∞         100%        9
 Tornado                  Air            14%        N/A       100%        9
 Passwall                 Tmut/Erth      81%        N/A       0%          2
 Animate Armour           Summ/Erth      100%       N/A       1%          4
 Leda's Liquefaction      Hex/Erth       48%        N/A       1%          4
 Bolt of Magma            Conj/Fire/Erth 43%        4d18      1%          5
 Irradiate                Conj/Tmut      19%        3d20      2%          5
 Blade Hands              Tmut           16%        N/A       50%         6
 Dragon Form              Tmut           16%        N/A       96%         7
 Statue Form              Tmut/Erth      Unusable   N/A       N/A         6

Dungeon Overview and Level Annotations

Branches:
Dungeon (1/1)

Altars:
Ashenzari
Cheibriados
Dithmenos
Elyvilon
Fedhas
Gozag
Hepliaklqana
Kikubaaqudgha
Makhleb
Nemelex Xobeh
Okawaru
Qazlal
Ru
Sif Muna
Trog
Uskayaw
Vehumet
Wu Jian
Xom
Yredelemnul
Zin
The Shining One
Beogh
Jiyva
Lugonu


Innate Abilities, Weirdness & Mutations

You are immune to sickness and miasma.
Your stone body is resilient. (AC +9)
You are immune to poison.
You resist negative energy. (rN+)
You are resistant to electric shocks. (rElec)
You are resistant to unholy torment.
You are immune to petrification.


Message History

Casting: Lehudib's Crystal Spear (quite dangerous; 3% risk of failure)
Confirm with . or Enter, or press ? or * to list all spells.
The spell is quite dangerous to cast (3% risk of failure)!
Continue anyway?
Aiming: Lehudib's Crystal Spear (quite dangerous; 3% risk of failure)
Press: ? - help, Shift-Dir - straight line, f - white draconian
Aim: a white draconian, wielding a +0 mace (asleep, 100% to hit)
You feel a surge of power!
The crystal spear hits the white draconian!!!
The white draconian is heavily wounded.
Unknown command.
Unknown command.
Casting: Lehudib's Crystal Spear (quite dangerous; 3% risk of failure)
Confirm with . or Enter, or press ? or * to list all spells.
The spell is quite dangerous to cast (3% risk of failure)!
Continue anyway?
Aiming: Lehudib's Crystal Spear (quite dangerous; 3% risk of failure)
Press: ? - help, Shift-Dir - straight line, f/p - white draconian
Aim: a white draconian, wielding a +0 mace (heavily wounded, 82% to hit)
You feel a surge of power!
The crystal spear hits the white draconian!!!
You kill the white draconian!
Vehumet accepts your kill.
You feel your power returning.
Your Conjurations skill increases to level 3!
Unknown command.
You start resting.
Magic restored.
You start waiting.
Done waiting.
Okay, then.
Unknown command.
There is an open door, spattered with blood here.
Things that are here:
a +0 mace; a white draconian corpse As you open the door, it creaks loudly!
Soguc comes into view.
Soguc breathes, "Slither away, thou gleeking sheep-biting boar-pig!"
Soguc gestures at you. The iron shot hits you!!!!
Ouch! That really hurt!
You die...

#+# #&# #'# #@#
#)# #.# #'# #.#
#)# #.# #'#
################'#


You could see Soguc.

Vanquished Creatures
  A Tzitzimitl (D)
  Gastronok (D)
  Ilsuiw (D)
  A ghost moth (D)
  A deep elf demonologist (D)
  A war gargoyle (D)
  A black draconian (D)
  Azrael (D)
  A white draconian (D)
  A blizzard demon (D)
  A merfolk javelineer (D)
  Josephine (D)
  A great orb of eyes (D)
  A spriggan air mage (D)
  A hell beast (D)
  A catoblepas (D)
  A death knight (D)
  Urug (D)
  3 death yaks (D)
  A shadow wraith (D)
  A sea snake (D)
  2 deep trolls (D)
  A lindwurm (D)
  An ugly thing (D)
  2 deep elf pyromancers (D)
  2 deep elf zephyrmancers (D)
  A manticore (D)
  A cyclops (D)
  3 merfolk sirens (D)
  An orange demon (D)
  Maurice (D)
  A cane toad (D)
  A black mamba (D)
  An unseen horror (D)
  An efreet (D)
  A hellwing (D)
  A rime drake (D)
  2 yaktaurs (D)
  2 ice devils (D)
  A merfolk (D)
  A polar bear (D)
  A hornet (D)
  2 tyrant leeches (D)
  A jumping spider (D)
  9 blink frogs (D)
  A snapping turtle (D)
  2 spriggans (D)
  A water elemental (D)
  6 redbacks (D)
  A tarantella (D)
  5 wraiths (D)
  7 yaks (D)
  A basilisk (D)
  2 fire bats (D)
  2 wargs (D)
  A neqoxec (D)
  Menkaure (D)
  A steam dragon (D)
  4 vampire mosquitoes (D)
  An acid dragon (D)
  A water moccasin (D)
  3 hell hounds (D)
  A floating eye (D)
  A sky beast (D)
  A swamp drake (D)
  An ice beast (D)
  3 wolves (D)
  A centaur (D)
  A quasit (D)
  An iguana (D)
  A mummy (D)
  A gnoll (D)
  2 white imps (D)
  3 ufetubi (D)
  2 orcs (D)
  A bat skeleton (D)
  4 jackals (D)
  3 kobolds (D)
  A quokka (D)
  A ball python zombie (D)
  2 bats (D)
  A frilled lizard (D)
  2 rats (D)
137 creatures vanquished.

Notes
Turn   | Place    | Note
-------+----------+-------------------------------------------
     0 | D        | mhtbhm the Gargoyle Earth Elementalist began the quest for
                  | the Orb.
     0 | D        | Reached XP level 1. HP: 10/10 MP: 3/3
    10 | D        | Reached skill level 4 in Earth Magic
    24 | D        | Found a bloodstained altar of Trog.
    24 | D        | Found a shimmering blue altar of Sif Muna.
    24 | D        | Found a viscous altar of Jiyva.
    24 | D        | Found a hazy altar of Hepliaklqana.
    24 | D        | Found an opulent altar of Gozag.
    25 | D        | Found a glowing golden altar of the Shining One.
    25 | D        | Found a glowing silver altar of Zin.
    25 | D        | Found a basalt altar of Yredelemnul.
    25 | D        | Found a shimmering altar of Xom.
    25 | D        | Found an ornate altar of the Wu Jian Council.
    25 | D        | Found a sacrificial altar of Ru.
    25 | D        | Found a stormy altar of Qazlal.
    25 | D        | Found an iron altar of Okawaru.
    25 | D        | Found a sparkling altar of Nemelex Xobeh.
    25 | D        | Found a burning altar of Makhleb.
    25 | D        | Found a blossoming altar of Fedhas.
    25 | D        | Found a white marble altar of Elyvilon.
    25 | D        | Found a shadowy altar of Dithmenos.
    25 | D        | Found a snail-covered altar of Cheibriados.
    28 | D        | Found a corrupted altar of Lugonu.
    28 | D        | Found a radiant altar of Vehumet.
    29 | D        | Found an ancient bone altar of Kikubaaqudgha.
    29 | D        | Found a hide-covered altar of Uskayaw.
    29 | D        | Found a broken altar of Ashenzari.
    39 | D        | Became a worshipper of Vehumet
   101 | D        | Reached XP level 2. HP: 9/15 MP: 0/6
   240 | D        | Reached * piety under Vehumet
   240 | D        | Offered knowledge of Shock by Vehumet.
   450 | D        | Reached skill level 5 in Earth Magic
   456 | D        | Reached ** piety under Vehumet
   456 | D        | Offered knowledge of Poisonous Vapours by Vehumet.
   480 | D        | Noticed a sky beast
   484 | D        | Learned a level 2 spell: Poisonous Vapours
   501 | D        | Killed a sky beast
   502 | D        | Reached skill level 1 in Fighting
   502 | D        | Reached skill level 5 in Spellcasting
   502 | D        | Reached skill level 8 in Earth Magic
   502 | D        | Reached XP level 3. HP: 8/20 MP: 1/10
   502 | D        | Reached XP level 4. HP: 10/25 MP: 1/11
   723 | D        | Learned a level 3 spell: Stone Arrow
   825 | D        | Noticed a floating eye
   828 | D        | Killed a floating eye
   829 | D        | Reached skill level 9 in Earth Magic
   829 | D        | Reached XP level 5. HP: 30/30 MP: 8/14
   829 | D        | Offered knowledge of Searing Ray by Vehumet.
   836 | D        | Learned a level 5 spell: Lee's Rapid Deconstruction
   841 | D        | Learned a level 4 spell: Petrify
   932 | D        | Noticed a wolf
   933 | D        | Reached *** piety under Vehumet
   939 | D        | Reached skill level 10 in Earth Magic
   939 | D        | Reached XP level 6. HP: 36/36 MP: 5/16
  1143 | D        | Offered knowledge of Fulminant Prism by Vehumet.
  1143 | D        | Reached **** piety under Vehumet
  1319 | D        | Offered knowledge of Lightning Bolt by Vehumet.
  1350 | D        | Killed an unseen horror
  1351 | D        | Reached skill level 12 in Earth Magic
  1351 | D        | Reached XP level 7. HP: 41/41 MP: 11/20
  1404 | D        | Noticed a warg
  1405 | D        | Reached ***** piety under Vehumet
  1406 | D        | Killed a warg
  1407 | D        | Reached skill level 10 in Spellcasting
  1435 | D        | Noticed a basilisk
  1440 | D        | Reached skill level 13 in Earth Magic
  1440 | D        | Reached XP level 8. HP: 46/46 MP: 8/22
  1648 | D        | Noticed a yak
  1648 | D        | Noticed a yak
  1648 | D        | Noticed a yak
  1648 | D        | Noticed Menkaure
  1648 | D        | Noticed a rime drake
  1670 | D        | Killed a yak
  1670 | D        | Offered knowledge of Spellforged Servitor by Vehumet.
  1670 | D        | Killed a yak
  1670 | D        | Killed Menkaure
  1671 | D        | Reached skill level 14 in Earth Magic
  1671 | D        | Killed a yak
  1673 | D        | Killed a rime drake
  1674 | D        | Reached skill level 15 in Earth Magic
  1674 | D        | Reached XP level 9. HP: 39/50 MP: 4/25
  1982 | D        | Learned a level 7 spell: Spellforged Servitor
  1996 | D        | Reached ****** piety under Vehumet
  1996 | D        | Offered knowledge of Iskenderun's Mystic Blast by Vehumet.
  1997 | D        | Noticed a deep elf pyromancer
  1998 | D        | Killed a deep elf pyromancer
  1999 | D        | Reached skill level 16 in Earth Magic
  2002 | D        | Noticed a hellwing
  2003 | D        | Noticed a lindwurm
  2008 | D        | Killed a lindwurm
  2031 | D        | Killed a hellwing
  2032 | D        | Reached XP level 10. HP: 26/56 MP: 3/28
  2208 | D        | Noticed a deep troll
  2208 | D        | Noticed Maurice
  2212 | D        | Offered knowledge of Iskenderun's Battlesphere by Vehumet.
  2213 | D        | Reached skill level 1 in Maces & Flails
  2213 | D        | Killed a deep troll
  2213 | D        | Killed Maurice
  2214 | D        | Reached skill level 5 in Dodging
  2214 | D        | Reached skill level 17 in Earth Magic
  2362 | D        | Noticed Josephine
  2367 | D        | Killed Josephine
  2367 | D        | Noticed a deep elf pyromancer
  2367 | D        | Noticed a cyan ugly thing
  2367 | D        | Noticed a deep elf zephyrmancer
  2368 | D        | Reached skill level 15 in Spellcasting
  2369 | D        | Offered knowledge of Starburst by Vehumet.
  2371 | D        | Killed a cyan ugly thing
  2372 | D        | Reached skill level 18 in Earth Magic
  2372 | D        | Killed a deep elf pyromancer
  2373 | D        | Reached XP level 11. HP: 38/62 MP: 9/30
  2373 | D        | Killed a deep elf zephyrmancer
  2376 | D        | Noticed Gastronok
  2753 | D        | Killed Gastronok
  2754 | D        | Reached skill level 5 in Fighting
  2754 | D        | Reached skill level 19 in Earth Magic
  2980 | D        | Learned a level 6 spell: Iron Shot
  2986 | D        | Noticed a deep elf zephyrmancer
  2988 | D        | Killed a deep elf zephyrmancer
  3119 | D        | Learned a level 9 spell: Shatter
  3119 | D        | Noticed a shadow wraith
  3167 | D        | Offered knowledge of Eringya's Noxious Bog by Vehumet.
  3167 | D        | Noticed a spriggan rider
  3168 | D        | Killed a shadow wraith
  3169 | D        | Reached skill level 20 in Earth Magic
  3171 | D        | Reached skill level 5 in Stealth
  3177 | D        | Reached XP level 12. HP: 68/68 MP: 26/33
  3483 | D        | Noticed an emperor scorpion
  3487 | D        | Offered knowledge of Ozocubu's Refrigeration by Vehumet.
  3489 | D        | Reached skill level 21 in Earth Magic
  3920 | D        | Noticed Urug
  3922 | D        | Offered knowledge of Orb of Destruction by Vehumet.
  3926 | D        | Killed Urug
  4446 | D        | Learned a level 7 spell: Orb of Destruction
  4448 | D        | Offered knowledge of Lehudib's Crystal Spear by Vehumet.
  4448 | D        | Offered knowledge of Tornado by Vehumet.
  4448 | D        | Offered knowledge of Absolute Zero by Vehumet.
  4565 | D        | Noticed a great orb of eyes
  4565 | D        | Noticed a hell beast
  4565 | D        | Noticed a blizzard demon
  4565 | D        | Noticed a death yak
  4568 | D        | Killed a hell beast
  4568 | D        | Killed a blizzard demon
  4568 | D        | Killed a great orb of eyes
  4568 | D        | Noticed a death yak
  4568 | D        | Noticed a catoblepas
  4569 | D        | Reached skill level 22 in Earth Magic
  4569 | D        | Noticed a death yak
  4571 | D        | Killed a catoblepas
  4572 | D        | Killed a death yak
  4572 | D        | Killed a death yak
  4573 | D        | Reached skill level 23 in Earth Magic
  4573 | D        | Killed a death yak
  4651 | D        | Noticed a merfolk javelineer
  4652 | D        | Reached XP level 13. HP: 62/72 MP: 19/36
  4652 | D        | Killed a merfolk javelineer
  4655 | D        | Noticed a war gargoyle
  4656 | D        | Killed a war gargoyle
  4657 | D        | Noticed Ilsuiw
  4660 | D        | Killed Ilsuiw
  4661 | D        | Reached skill level 24 in Earth Magic
  4664 | D        | Noticed Azrael
  4667 | D        | Killed Azrael
  4673 | D        | Noticed a black draconian
  4674 | D        | Killed a black draconian
  4853 | D        | Reached skill level 25 in Earth Magic
  4985 | D        | Learned a level 8 spell: Lehudib's Crystal Spear
  5096 | D        | Noticed a ghost moth
  5099 | D        | Killed a ghost moth
  5100 | D        | Reached skill level 1 in Conjurations
  5204 | D        | Noticed a deep elf demonologist
  5207 | D        | Killed a deep elf demonologist
  5372 | D        | Noticed a Tzitzimitl
  5374 | D        | Killed a Tzitzimitl
  5510 | D        | Noticed a white draconian
  5512 | D        | Killed a white draconian
  5651 | D        | Noticed Soguc the pandemonium lord
  5651 | D        | Killed from afar by Soguc the pandemonium lord

Illustrated notes

Levels and vault maps discovered:
D:        pitsprint [storerooms_1, entrance_room_1, metal_vault_1, armoury_1,
          mini_pit_1, grid_room_1, main_hall_1, silver_pit, the_coven_1,
          the_vestibule_1, steel_vault_1, golden_pit, hallway_of_sentries,
          crystal_vault_3, iron_vault_5, final_vault]

Skill      XL: |  1  2  3  4  5  6  7  8  9 10 11 12 13 |
---------------+----------------------------------------+-----
Earth Magic    | 4 8 9 10 12 13 15 16 18 20 23 25 | 25.9
Spellcasting   | 3 5 6 7 9 10 12 14 15 17 19 21 | 21.8
Dodging        | 3 4 6 |  6.9
Fighting       | 1 2 3 4 5 |  5.4
Stealth        | 3 4 5 |  5.0
Maces & Flails | 3 |  3.3
Conjurations   | 3 |  3.0
Transmutations | |  0.8

Action                   |  1- 3 |  4- 6 |  7- 9 | 10-12 | 13-15 || total
-------------------------+-------+-------+-------+-------+-------++-------
Melee: Mace              |     7 |       |       |       |       ||     7
       Dire flail        |       |       |    10 |       |       ||    10
 Cast: Sandblast         |    18 |     2 |     6 |     4 |     3 ||    33
       Stone Arrow       |       |     3 |       |       |       ||     3
       Lee's Rapid Decon |       |     7 |    18 |    75 |    21 ||   121
       Iron Shot         |       |       |       |       |     6 ||     6
       Lehudib's Crystal |       |       |       |       |     4 ||     4
  Use: Potion            |     1 |       |     3 |     3 |     2 ||     9
       Scroll            |       |       |     1 |       |       ||     1
Armor: Robe              |    10 |     2 |    16 |     8 |     6 ||    42
Dodge: Dodged            |    15 |     3 |    34 |    14 |     8 ||    74

Table legend: (Time is in decaauts)
 A = Elapsed time spent in this place.
 B = Non-inter-level travel time spent in this place.
 C = Inter-level travel time spent in this place.
 D = Time resting spent in this place.
 E = Time spent auto-exploring this place.
 F = Levels seen in this place.
 G = Mean time per level.
                   A        B        C        D        E       F      G
               +--------+--------+--------+--------+--------+-----+--------+
         Total |   5656 |   5656 |      0 |   4293 |     92 |   1 | 5656.0 |
       Dungeon |   5656 |   5656 |      0 |   4293 |     92 |   1 | 5656.0 |
               +--------+--------+--------+--------+--------+-----+--------+

Top non-repeatable levels by time:
       D: 5656 daAuts
